 Dungeon Crawl Stone Soup version 0.28-a0-687-gb91baff9cc (webtiles) character file.

Game seed: 8563419153259410908

11293 omnomnOMINOUS the Nimble (level 11, -4/80 HPs)
             Began as an Octopode Wanderer on Oct 19, 2021.
             Was an Elder of Qazlal.
             Slain by a large slime creature (34 damage)
             ... in a Gauntlet.
             The game lasted 00:56:06 (16490 turns).

omnomnOMINOUS the Nimble (Octopode Wanderer)       Turns: 16490, Time: 00:56:07

Health: -4/80      AC:  1    Str: 12    XL:     11   Next: 75%
Magic:  3/17       EV: 24    Int: 19    God:    Qazlal [****..]
Gold:   396        SH: 12    Dex: 10    Spells: 3/18 levels left

rFire   . . .      SeeInvis .   a - +2 scimitar (freeze)
rCold   + . .      Faith    .   D - +3 buckler {reflect}
rNeg    . . .      Spirit   .   (helmet restricted)
rPois   .          Reflect  +   v - amulet of magic regeneration
rElec   .          Harm     .   k - ring of protection from cold
rCorr   .          Rampage  .   o - +4 ring of evasion
Will    .....      NoTele   +   B - +4 ring of evasion
Stlth   ++........              F - ring of wizardry
HPRegen 0.23/turn               (no ring)
MPRegen 0.40/turn               (no ring)
                                (no ring)
                                (no ring)

@: very slightly contaminated, repel missiles
A: almost no armour, amphibious, 8 rings, camouflage 1, gelatinous body 1,
(nimble swimmer 1), tentacles
a: Renounce Religion, Upheaval, Elemental Force


You were in a Gauntlet.
You worshipped Qazlal.
Qazlal was greatly pleased with you.
You visited 1 branch of the dungeon, and saw 11 of its levels.
You also visited: Sewer and Gauntlet.

You collected 500 gold pieces.
You spent 104 gold pieces at shops.

Inventory:

Hand Weapons
 a - a +2 scimitar of freezing (weapon)
 b - a +2 spectral quarterstaff
 c - a +2 morningstar of protection
 d - a +0 whip of venom
 m - a +4 flail of draining
 n - a +1 whip of draining
 t - a +1 long sword of holy wrath
 y - a +5 mace of draining
 J - a +1 short sword of electrocution
Missiles
 x - a throwing net
 H - 2 datura-tipped darts (quivered)
Armour
 D - a +3 buckler of reflection (worn)
Magical Staves
 C - a staff of cold
Jewellery
 k - a ring of protection from cold (left tentacle)
 o - a +4 ring of evasion (right tentacle)
 v - an amulet of magic regeneration (around mantle)
 B - a +4 ring of evasion (on tentacle)
 F - a ring of wizardry (on tentacle)
Wands
 l - a wand of iceblast (19)
 A - a wand of polymorph (6)
Scrolls
 e - 2 scrolls of amnesia
 f - a scroll of identify
 g - a scroll of silence
 h - 2 scrolls of noise
 i - 2 scrolls of torment
 j - a scroll of fear
 s - 2 scrolls of vulnerability
 u - 2 scrolls of fog
 w - a scroll of blinking
 z - 3 scrolls of teleportation
 I - a scroll of summoning
 K - a scroll of enchant weapon {unknown}
Potions
 p - a potion of ambrosia {unknown}
 q - 2 potions of flight
 r - 2 potions of magic
 E - a potion of might {unknown}
 G - 2 potions of curing


   Skills:
 + Level 9.0 Fighting
 + Level 1.7 Long Blades
 + Level 9.1 Dodging
 - Level 4.0 Stealth
 - Level 4.0 Shields
 - Level 4.0 Spellcasting
 + Level 7.6 Conjurations
 - Level 4.0 Necromancy
 + Level 8.8 Air Magic


You had 3 spell levels left.
You knew the following spells:

 Your Spells              Type           Power      Damage    Failure   Level
a - Magic Dart            Conj           100%       1d8       1%          1
b - Searing Ray           Conj           66%        2d6       1%          2
c - Passwall              Tmut/Erth      2%         N/A       9%          2
d - Swiftness             Air            37%        N/A       1%          3
e - Corpse Rot            Necr/Air       56%        N/A       1%          2
f - Lightning Bolt        Conj/Air       17%        1d32      5%          5

Your spell library contained the following spells:

 Spells                   Type           Power      Damage    Failure   Level
 Static Discharge         Conj/Air       35%        N/A       1%          2
 Sublimation of Blood     Necr           9%         N/A       1%          2
 Dazzling Flash           Conj/Hex       36%        N/A       3%          3
 Vampiric Draining        Necr           9%         2d7       3%          3
 Slow                     Hex            3%         N/A       9%          2
 Wereblood                Tmut           3%         N/A       9%          2
 Call Canine Familiar     Summ           3%         N/A       16%         3
 Confusing Touch          Hex            3%         N/A       16%         3
 Portal Projectile        Hex/Tloc       6%         N/A       16%         3
 Fulminant Prism          Conj/Hex       9%         3d7       12%         4
 Silence                  Hex/Air        10%        N/A       24%         5
 Agony                    Necr           19%        N/A       28%         5
 Leda's Liquefaction      Hex/Erth       1%         N/A       45%         4
 Invisibility             Hex            1%         N/A       100%        6
 Summon Hydra             Summ           1%         N/A       100%        7
 Maxwell's Capacitive Co  Air            18%        ∞         100%        8


Dungeon Overview and Level Annotations

Branches:
Dungeon (11/15)            Temple (0/1) D:4            Lair (0/6) D:11
  Sewer (visited)         Gauntlet (1/1)
    Orc: D:9-12

Altars:
Ashenzari
Gozag
Hepliaklqana
Kikubaaqudgha
Makhleb
Qazlal
Trog
Uskayaw
Wu Jian
Yredelemnul
Zin
The Shining One
Lugonu

Shops:
D:4 ?

Annotations:
D:5 4 runed translucent doors
D:6 3 runed translucent doors, jasper's ghost, novice DsAr
D:10 2 transporters Gauntlet 10 transporters, 2 runed translucent doors, exclusion: orange crystal statue


Innate Abilities, Weirdness & Mutations

You cannot wear most types of armour.
You are amphibious.
You can wear up to eight rings at the same time.
Your skin changes colour to match your surroundings (Stealth+).
Your rubbery body absorbs attacks. (AC +1, EV +1)
((You are camouflaged near water. (Stealth+)))
You have tentacles for arms and can constrict up to eight enemies at once.


Message History

The large slime creature is moderately wounded.
You block the slime creature's attack.
Casting: Lightning Bolt (dangerous; 5% risk of failure)
Confirm with . or Enter, or press ? or * to list all spells.
Aiming: Lightning Bolt (dangerous; 5% risk of failure)
Press: ? - help, Shift-Dir - straight line, f/p - large slime creature
Aim: a large slime creature (sparse dust, moderately wounded, 91% to hit)
You miscast Lightning Bolt.
You are very lightly contaminated with residual magic.
Nothing appears to happen.
The slime creature hits you!!
The large slime creature completely misses you.
You hit the slime creature. You freeze the slime creature.
The slime creature is severely wounded.
The slime creature misses you.
A large slime creature splits.
You block the slime creature's attack.
Two slime creatures merge to form a large slime creature.
Okay, then.
Unknown command.
Okay, then.
Unknown command.
Okay, then.
Unknown command.
Okay, then.
Unknown command.
Aiming: Upheaval
Press: ? - help, Dir - move target, f - large slime creature
Aim: a large slime creature (moderately wounded) Magma suddenly erupts from the ground!
The blast of magma engulfs the large slime creature!
The large slime creature is moderately wounded.
The slime creature completely misses you.
The large slime creature is engulfed in freezing vapours.
Unknown command.
Casting: Lightning Bolt (dangerous; 5% risk of failure)
Confirm with . or Enter, or press ? or * to list all spells.
You don't have enough magic to cast this spell.
You slash the slime creature! You freeze the slime creature.
The slime creature is almost dead.
The slime creature closely misses you. The large slime creature hits you!!
You die...

.#Z#####.#.#)#..#..#..§#
.#.#≈≈≈#.#.##.##.###..##
.#.#.©.#.#.#2.#©.#.#..≈#
.#.+...+Z#.###.##.##.§##
.#.#####Z#.##..#..##.§§#
.#......k#.#.##4##.#§§##
####################..§#
.....©........°J.#...###
.....©........○J@#.§.≈#
##################..###
#....©.#.)#.........§#
#.....#...#........###
##....#...#..#≈#§#§#
#.##.#....#..#######
#...###...#..§#
#...©#.##.#..#######
#...#....##..#≈#≈#≈#


You could see a large slime creature, a slime creature and an orange demon.

Vanquished Creatures
  Harold (D:7)
  2 two-headed ogres
  A deep elf pyromancer (D:9)
  Maurice (D:8)
  Joseph (D:9)
  2 hornets
  3 centaur simulacra (Gauntlet)
  A wraith (D:10)
  A vampire (D:10)
  A shadow (D:10)
  6 yaks
  A steam dragon (D:9)
  Edmund (D:4)
  5 water moccasins
  Duvessa (D:5)
  7 orc warriors
  2 ice beasts
  A meliai simulacrum (Gauntlet)
  A black bear (D:6)
  A necrophage (D:8)
  A sky beast (D:8)
  3 ogres
  7 centaurs
  A phantom (D:4)
  3 bullfrogs
  2 kobold brigands
  2 gnoll sergeants (D:5)
  2 scorpions
  A water moccasin zombie (D:5)
  A wyvern skeleton (D:7)
  A hornet simulacrum (Gauntlet)
  Dowan (D:5)
  A water moccasin skeleton (D:5)
  12 wights
  5 centaur zombies
  3 hounds
  4 jellies
  3 orc priests
  A bullfrog zombie (D:7)
  2 gnoll shamans
  3 centaur skeletons
  A bullfrog skeleton (D:2)
  4 iguanas
  Natasha (thrice) (D:2)
  3 orc wizards (D:8)
  A hound skeleton (D:5)
  4 howler monkey zombies
  A howler monkey skeleton (D:6)
  10 adders
  16 gnolls
  A river rat (Sewer)
  2 white imps
  An ufetubus (D:6)
  An adder skeleton (D:5)
  2 worms (D:2)
  4 dart slugs
  32 orcs
  5 bats
  7 endoplasms
  5 giant cockroaches
  10 goblins
  12 hobgoblins
  2 jackals (Sewer)
  21 kobolds
  4 quokkas
  6 ball pythons
  4 frilled lizards
  6 rats
267 creatures vanquished.

Vanquished Creatures (others)
  2 withered plants (D:8)
2 creatures vanquished.

Grand Total: 269 creatures vanquished

Notes
Turn   | Place    | Note
-------+----------+-------------------------------------------
     0 | D:1      | omnomnOMINOUS the Octopode Wanderer began the quest for the
                  | Orb.
     0 | D:1      | omnomnOMINOUS set off with the following items: a +2
                  | dagger, a scroll of fear; and the following spells
                  | available to memorise: Sublimation of Blood, Corpse Rot
     0 | D:1      | Reached XP level 1. HP: 14/14 MP: 1/1
    46 | D:1      | Reached skill level 1 in Dodging
   136 | D:1      | Reached XP level 2. HP: 19/19 MP: 2/2
   924 | D:1      | Reached XP level 3. HP: 21/24 MP: 3/3
  1245 | D:2      | Noticed Natasha
  1246 | D:2      | Killed Natasha
  1485 | D:2      | Reached skill level 1 in Spellcasting
  1551 | D:2      | Reached XP level 4. HP: 30/30 MP: 5/5
  1607 | D:2      | Noticed Natasha
  1621 | D:2      | Killed Natasha
  1622 | D:2      | Reached XP level 5. HP: 13/35 MP: 5/7
  1912 | D:2      | Learned a level 3 spell: Swiftness
  1915 | D:2      | Learned a level 2 spell: Passwall
  2123 | D:2      | Found a faded altar of an unknown god.
  2131 | D:2      | Prayed at the altar of an unknown god.
  2131 | D:2      | Became a worshipper of Qazlal Stormbringer
  2131 | D:2      | Reached * piety under Qazlal
  2276 | D:2      | Noticed Natasha
  2282 | D:2      | Killed Natasha
  2285 | D:2      | Reached XP level 6. HP: 26/42 MP: 7/9
  2665 | D:3      | Found a basalt altar of Yredelemnul.
  2731 | D:3      | Found a glowing drain.
  2735 | Sewer    | Entered a sewer
  2962 | Sewer    | Reached ** piety under Qazlal
  3107 | Sewer    | Found a white marble altar of Elyvilon.
  3430 | D:3      | Noticed a water moccasin
  3441 | D:3      | Killed a water moccasin
  3442 | D:3      | Reached XP level 7. HP: 37/47 MP: 10/10
  4145 | D:4      | You fall into a shaft and drop 3 floors!
  4333 | D:7      | Learned a level 1 spell: Magic Dart
  4336 | D:7      | Learned a level 2 spell: Searing Ray
  4339 | D:7      | Learned a level 2 spell: Corpse Rot
  4373 | D:7      | Noticed a hornet
  4385 | D:5      | Entered Level 5 of the Dungeon
  4387 | D:5      | Found a stormy altar of Qazlal.
  4393 | D:5      | Found a large runed translucent door.
  4605 | D:4      | Found a staircase to the Ecumenical Temple.
  4866 | D:4      | Found a broken altar of Ashenzari.
  4866 | D:4      | Noticed Edmund
  4891 | D:4      | Reached skill level 1 in Conjurations
  5132 | D:4      | Found Vuic's Magic Scroll Shoppe.
  5268 | D:4      | Bought a scroll of blinking for 82 gold pieces
  5268 | D:4      | Bought a scroll of fog for 22 gold pieces
  5315 | D:4      | Killed Edmund
  5316 | D:4      | Reached skill level 5 in Dodging
  5316 | D:4      | Reached XP level 8. HP: 30/54 MP: 6/11
  5700 | D:4      | Reached skill level 5 in Fighting
  6323 | D:5      | Found a burning altar of Makhleb.
  6323 | D:5      | Found a glowing silver altar of Zin.
  6560 | D:5      | Reached skill level 5 in Air Magic
  6790 | D:5      | Noticed Dowan
  6839 | D:5      | Found a large runed translucent door.
  6839 | D:5      | Found a large runed translucent door.
  7073 | D:5      | Noticed a troll
  7183 | D:5      | Found a large runed translucent door.
  7184 | D:5      | Noticed a gargoyle
  7806 | D:5      | Reached XP level 9. HP: 53/62 MP: 12/12
  7978 | D:5      | Noticed an angel
  7983 | D:5      | Noticed a cacodemon
  8356 | D:5      | Noticed Duvessa
  8371 | D:5      | Killed Dowan
  8448 | D:5      | Killed Duvessa
  8944 | D:6      | Reached skill level 1 in Shields
  9228 | D:6      | Reached *** piety under Qazlal
  9707 | D:6      | Found a runed translucent gate.
  9709 | D:6      | Found a runed translucent gate.
  9709 | D:6      | Noticed jasper's ghost (novice DsAr)
  9711 | D:6      | Found a runed translucent gate.
 10045 | D:7      | Noticed Harold
 10122 | D:7      | Killed a hornet
 10165 | D:7      | Reached skill level 5 in Conjurations
 10336 | D:7      | Reached XP level 10. HP: 47/69 MP: 13/13
 10830 | D:7      | Killed Harold
 11118 | D:7      | Found a hide-covered altar of Uskayaw.
 12585 | D:8      | Noticed Maurice
 12609 | D:8      | Killed Maurice
 13146 | D:8      | Found an ancient bone altar of Kikubaaqudgha.
 13556 | D:9      | Noticed Joseph
 13674 | D:9      | Killed Joseph
 14074 | D:9      | Noticed a deep elf pyromancer
 14080 | D:9      | Killed a deep elf pyromancer
 14081 | D:9      | Reached XP level 11. HP: 72/77 MP: 11/16
 14237 | D:9      | Noticed a two-headed ogre
 14290 | D:8      | Killed a two-headed ogre
 14568 | D:9      | Reached **** piety under Qazlal
 14579 | D:9      | Learned a level 5 spell: Lightning Bolt
 14879 | D:9      | Found a hazy altar of Hepliaklqana.
 14879 | D:9      | Found an opulent altar of Gozag.
 14910 | D:10     | Entered Level 10 of the Dungeon
 15382 | D:10     | Found a glowing golden altar of the Shining One.
 15523 | D:10     | Found a transporter.
 15525 | D:10     | Noticed a cyan ugly thing
 15526 | D:10     | Noticed a purple ugly thing
 15528 | D:10     | Found a corrupted altar of Lugonu.
 15528 | D:10     | Found a transporter.
 15528 | D:10     | Noticed a worldbinder
 15528 | D:10     | Noticed a purple ugly thing
 15615 | D:10     | Found an ornate altar of the Wu Jian Council.
 15790 | D:10     | Found a bloodstained altar of Trog.
 15890 | D:11     | Noticed a two-headed ogre
 15901 | D:11     | Found a gate leading to a gauntlet.
 15904 | D:11     | Killed a two-headed ogre
 15909 | D:11     | Reached skill level 1 in Long Blades
 15946 | Gauntlet | Entered a Gauntlet
 15946 | Gauntlet | Found a transporter.
 15946 | Gauntlet | Found a transporter.
 15947 | Gauntlet | Noticed a death scarab
 16078 | Gauntlet | Found a transporter.
 16090 | Gauntlet | Found a transporter.
 16108 | Gauntlet | Found a transporter.
 16108 | Gauntlet | Found a transporter.
 16108 | Gauntlet | Found a transporter.
 16110 | Gauntlet | Found a transporter.
 16110 | Gauntlet | Found a transporter.
 16115 | Gauntlet | Found a runed translucent door.
 16121 | Gauntlet | Noticed a green death
 16122 | Gauntlet | Found a transporter.
 16138 | Gauntlet | Found a transporter.
 16138 | Gauntlet | Noticed a death drake
 16140 | Gauntlet | Found a runed translucent door.
 16148 | Gauntlet | Found a transporter.
 16151 | Gauntlet | Noticed an orange crystal statue
 16162 | Gauntlet | Found a transporter.
 16182 | Gauntlet | Found a transporter.
 16490 | Gauntlet | Slain by a large slime creature

Illustrated notes

Levels and vault maps discovered:
D:1:      shiori_arrival_maze, layout_loops_ring, nrook_campfire,
          roderic_lattice_a
D:2:      minmay_general_purpose_star, layout_rooms,
          shapermc_ecumenical_altar_totnotflames, uniq_natasha
D:3:      layout_basic, mainiacjoe_overflow_paths, gup_sewer_entry_bowl,
          st_stairs_7, solitary_fountain
D:4:      layout_basic, cheibrodos_ashenzari_chains, minmay_temple_entry_mist,
          serial_shops, shop, uniq_edmund
D:5:      layout_basic, grunt_temple_overflow_order_and_chaos_2,
          nicolae_qazlal_scattered_showers, minmay_hollow_rounded_squares,
          uniq_duvessa
D:6:      layout_loops_ring, gammafunk_ghost_nasty_kobolds
D:7:      layout_rooms, lemuel_tele_altar, grunt_ministairs_10, uniq_harold
D:8:      layout_cave_pods, kiku_gazebo_garden_becter, uniq_maurice
D:9:      layout_rooms, gammafunk_temple_overflow_elements, uniq_joseph
D:10:     gammafunk_corrupted_shrine, layout_basic, lemuel_round_altar,
          mainiacjoe_overflow_concentric_impassable,
          mainiacjoe_overflow_boulevard
D:11:     lemuel_flame_loot_2, layout_basic, lair_entry_dummy,
          gauntlet_entry_generic, uniq_nergalle
Gauntlet: gammafunk_gauntlet_mixed_choke_point [minmay_gauntlet_arena_77_mirror,
          minmay_gauntlet_arena_77_braids, minmay_gauntlet_arena_77_block_sizes,
          nicolae_gauntlet_swirl, minmay_gauntlet_arena_77_hold_the_fort,
          minmay_gauntlet_arena_77_shame_cube,
          minmay_gauntlet_arena_77_tiled_triplets, gauntlet_exit_spiral]

Skill      XL: |  1  2  3  4  5  6  7  8  9 10 11 |
---------------+----------------------------------+-----
Dodging        | 1 2 3 4 5 6 7 8 9 |  9.1
Spellcasting   | 1 2 3 4 |  4.0
Air Magic      | 2 3 4 5 6 7 8 |  8.8
Fighting       | 3 4 5 6 8 9 |  9.0
Conjurations   | 1 3 5 6 7 |  7.6
Shields        | 3 4 |  4.0
Long Blades    | 1 |  1.7
Stealth        | |  4.0
Necromancy     | |  4.0

Action                   |  1- 3 |  4- 6 |  7- 9 | 10-12 || total
-------------------------+-------+-------+-------+-------++-------
Melee: Dagger            |    56 |     9 |       |       ||    65
       Constrict         |     6 |    27 |    43 |    20 ||    96
       Tentacles         |     4 |    12 |    25 |    24 ||    65
       Morningstar       |       |   107 |    69 |       ||   176
       Flail             |       |       |   165 |       ||   165
       Scimitar          |       |       |     2 |   147 ||   149
Throw: Dart              |       |       |     4 |     5 ||     9
       Throwing net      |       |       |       |     1 ||     1
 Cast: Searing Ray       |       |       |    22 |    42 ||    64
       Corpse Rot        |       |       |     1 |       ||     1
       Magic Dart        |       |       |     8 |    27 ||    35
       Lightning Bolt    |       |       |       |    22 ||    22
Invok: Upheaval          |       |       |     3 |     1 ||     4
Evoke: Wand              |       |       |     1 |    14 ||    15
  Use: Scroll            |       |       |     6 |    10 ||    16
       Potion            |       |       |     4 |     2 ||     6
 Stab: Sleeping          |    14 |     1 |       |       ||    15
       Paralysed         |       |       |     1 |       ||     1
Armor: Skin              |     8 |    21 |    35 |    11 ||    75
Dodge: Dodged            |    28 |    76 |   206 |   184 ||   494
Block: Other             |       |     7 |    23 |       ||    30
       Buckler           |       |       |    40 |   125 ||   165
       Reflection        |       |       |     1 |    10 ||    11

Table legend: (Time is in decaauts)
 A = Elapsed time spent in this place.
 B = Non-inter-level travel time spent in this place.
 C = Inter-level travel time spent in this place.
 D = Time resting spent in this place.
 E = Time spent auto-exploring this place.
 F = Levels seen in this place.
 G = Mean time per level.
                   A        B        C        D        E       F      G
               +--------+--------+--------+--------+--------+-----+--------+
         Total |  16744 |  15896 |    848 |   6379 |   6471 |  13 | 1288.0 |
       Dungeon |  15781 |  14933 |    848 |   6079 |   6147 |  11 | 1434.6 |
         Sewer |    418 |    418 |      0 |    149 |     87 |   1 |  418.0 |
      Gauntlet |    544 |    544 |      0 |    151 |    237 |   1 |  544.0 |
               +--------+--------+--------+--------+--------+-----+--------+

Top non-repeatable levels by time:
     D:8: 2925 daAuts
     D:5: 2554 daAuts
     D:6: 1953 daAuts
     D:4: 1771 daAuts
     D:1: 1426 daAuts
     D:3: 1175 daAuts
     D:2: 1087 daAuts
     D:7: 1078 daAuts
    D:10: 947 daAuts
     D:9: 810 daAuts
Gauntlet: 544 daAuts
   Sewer: 418 daAuts
    D:11: 49 daAuts
